 Dungeon Crawl Stone Soup version 0.28-a0-1080-g05a166d0ed (webtiles) character file.

Game seed: 18440696212595190082

343 siradein the Shield-Bearer (level 6, -3/56 HPs)
             Began as a Minotaur Fighter on Dec 9, 2021.
             Was an Initiate of Yredelemnul.
             Succumbed to Sigmund's poison
             ... on level 3 of the Dungeon.
             The game lasted 00:09:07 (3138 turns).

siradein the Shield-Bearer (Minotaur Fighter)       Turns: 3138, Time: 00:09:08

Health: -3/56      AC: 12    Str: 21    XL:     6   Next: 31%
Magic:  4/6        EV:  6    Int:  5    God:    Yredelemnul [......]
Gold:   187        SH:  5    Dex: 11    Spells: 5/5 levels left

rFire   . . .      SeeInvis .   a - +0 flail
rCold   . . .      Faith    .   c - +0 buckler
rNeg    . . .      Spirit   .   m - +0 plate armour
rPois   .          Reflect  .   (helmet restricted)
rElec   .          Harm     .   (no cloak)
rCorr   .          Rampage  .   (no gloves)
Will    .....                   (no boots)
Stlth   ..........              (no amulet)
HPRegen 0.18/turn               (no ring)
MPRegen 0.10/turn               (no ring)

@: lethally poisoned (-3 -> -19)
A: horns 2, retaliatory headbutt
a: Renounce Religion, Recall Undead Harvest


You were on level 3 of the Dungeon.
You worshipped Yredelemnul.
Yredelemnul was noncommittal.
You visited 1 branch of the dungeon, and saw 4 of its levels.

You collected 187 gold pieces.

Inventory:

Hand Weapons
 a - a +0 flail (weapon)
Missiles
 f - 19 poisoned darts
 k - 8 javelins
Armour
 c - a +0 buckler (worn)
 m - a +0 plate armour (worn)
Scrolls
 e - a scroll of teleportation {unknown}
 g - a scroll of silence
 h - 2 scrolls of fear
 j - a scroll of fog {unknown}
 l - a scroll of magic mapping {unknown}
Potions
 b - 3 potions of magic {unknown}
 d - a potion of might
 i - 2 potions of attraction {unknown}


   Skills:
 + Level 5.1 Fighting
 + Level 4.3 Maces & Flails
 + Level 5.2 Armour
 + Level 5.2 Shields
 + Level 1.3 Invocations


You had 5 spell levels left.
You didn't know any spells.
Your spell library contained the following spells:

 Spells                   Type           Power      Damage    Failure   Level
 Magic Dart               Conj           0%         1d3       100%        1
 Call Imp                 Summ           0%         N/A       100%        2
 Mephitic Cloud           Conj/Pois/Air  0%         N/A       100%        3


Dungeon Overview and Level Annotations

Branches:
Dungeon (4/15)
 Temple: D:4-7

Altars:
Dithmenos
Elyvilon
Yredelemnul

Shops:
D:1 ?

Annotations:
D:4 Sigmund


Innate Abilities, Weirdness & Mutations

You have a pair of horns on your head.
You reflexively headbutt those who attack you in melee.


Message History

Sigmund is lightly wounded.
Sigmund hits you with a +0 scythe of venom!
You are poisoned.
Unknown command.
You feel very sick.
Sigmund mumbles some strange words.
Sigmund flickers and vanishes!
Deactivating autopickup; reactivate with Ctrl-A.
You see here a +0 club.
You feel very sick.
Your spectral endoplasm hits something.
Something hits you.
You are more poisoned.
You feel very sick.
Your spectral endoplasm hits something but does no damage.
There is a stone staircase leading up here.
You feel very sick. Something hits you!
* * * LOW HITPOINT WARNING * * *
You are lethally poisoned!
Your spectral endoplasm closely misses something.
You climb upwards.
Reactivating autopickup.
* * * LOW HITPOINT WARNING * * *
You feel extremely sick.
There is a stone staircase leading down here.
Activating: Recall Undead Harvest (38% risk of failure)
Press: ? - help, Q - select action, (/) - cycle Dir - look around, f - activate You fail to use your ability.
* * * LOW HITPOINT WARNING * * *
You feel very sick.
You hear some strange, mumbled words.
A puff of flame appears from out of thin air!
Deactivating autopickup; reactivate with Ctrl-A.
The puff of flame hits you.
* * * LOW HITPOINT WARNING * * *
Activating: Recall Undead Harvest (38% risk of failure)
Press: ? - help, Q - select action, (/) - cycle Dir - look around, f - activate Nothing appears to have answered your call.
You die...
Your body rises from the dead as a mindless zombie.

#.........# ############
#.........# #.Z........#
#.........# #.########.#
#.##'###### #..........#
#..#.#########..######..#
###...........#..........#
#...#.####....#...####...#
#.########.#..##.........######
#.......##....@....##..........
#....##......{.................
##.#.......#.##...####....#####
#.###....................#
#.....###..###..######...#
#########................#
#.......#.####.########.##
#.#####.#...............# #.#
#.#####.#..########


There were no monsters in sight!

Vanquished Creatures
  A centaur (D:3)
  A howler monkey (D:4)
  Ijyb (D:3)
  Natasha (twice) (D:3)
  An orc wizard (D:3)
  4 adders
  A gnoll (D:1)
  A worm (D:2)
  4 dart slugs (D:1)
  2 orcs (D:3)
  6 bats
  9 endoplasms
  2 giant cockroaches
  4 goblins
  4 hobgoblins
  11 jackals
  5 kobolds
  3 quokkas
  5 ball pythons
  4 frilled lizards
  3 rats
74 creatures vanquished.

Vanquished Creatures (collateral kills)
  An orc (D:3)
  A bat (D:3)
  A frilled lizard (D:3)
  A kobold (D:3)
  2 bushes (D:3)
6 creatures vanquished.

Vanquished Creatures (others)
  An adder zombie (D:3)
  A goblin zombie (D:4)
  A spectral endoplasm (D:3)
  A butterfly (D:3)
4 creatures vanquished.

Grand Total: 84 creatures vanquished

Notes
Turn   | Place    | Note
-------+----------+-------------------------------------------
     0 | D:1      | siradein the Minotaur Fighter began the quest for the Orb.
     0 | D:1      | Reached XP level 1. HP: 19/19 MP: 0/0
    83 | D:1      | Reached XP level 2. HP: 20/27 MP: 1/1
   397 | D:1      | Found Lequr's Magic Scroll Shop.
   509 | D:1      | Found a faded altar of an unknown god.
   516 | D:1      | Reached XP level 3. HP: 33/33 MP: 2/2
  1195 | D:2      | Reached XP level 4. HP: 35/40 MP: 3/3
  1930 | D:3      | Found a basalt altar of Yredelemnul.
  1967 | D:3      | Noticed a centaur
  1975 | D:3      | Killed a centaur
  1976 | D:3      | Reached XP level 5. HP: 31/47 MP: 4/4
  1995 | D:3      | Became a worshipper of Yredelemnul the Dark
  2312 | D:3      | Noticed Natasha
  2322 | D:3      | Found a shadowy altar of Dithmenos.
  2324 | D:3      | Noticed Ijyb
  2330 | D:3      | Killed Natasha
  2330 | D:3      | Reached * piety under Yredelemnul
  2331 | D:3      | Reached skill level 5 in Shields
  2347 | D:3      | Killed Ijyb
  2347 | D:3      | Reached ** piety under Yredelemnul
  2348 | D:3      | Reached skill level 5 in Fighting
  2348 | D:3      | Reached skill level 5 in Armour
  2356 | D:3      | Reached skill level 1 in Invocations
  2356 | D:3      | Reached XP level 6. HP: 19/56 MP: 5/5
  2650 | D:3      | Found a white marble altar of Elyvilon.
  2804 | D:3      | Noticed Natasha
  2810 | D:3      | Killed Natasha
  3129 | D:4      | Noticed Sigmund
  3137 | D:3      | HP: 1/56 [something/puff of flame (2)]
  3138 | D:3      | Succumbed to Sigmund's poison

Illustrated notes

Levels and vault maps discovered:
D:1:      minmay_arrival_split_and_join, layout_basic,
          hellmonk_ecumenical_altar_heavens_door, serial_shops, shop_scrolls,
          dk_noncrumbling_4, minmay_octomino_e4
D:2:      layout_rooms, roderic_lattice_a
D:3:      layout_basic, nicolae_elyvilon_peaceful_grove, lemuel_round_altar,
          nicolae_dithmenos_the_darkroom, minmay_misc_feat_more_columns,
          uniq_ijyb, uniq_natasha
D:4:      layout_basic, mainiacjoe_overflow_six_doors_small,
          kiku_gazebo_pond_becter, uniq_blork_the_orc, uniq_pikel, uniq_grinder,
          uniq_sigmund

Skill      XL: |  1  2  3  4  5 |
---------------+----------------+-----
Shields        | 4 5 |  5.2
Fighting       | 4 5 |  5.1
Armour         | 4 5 |  5.2
Maces & Flails | 3 4 |  4.3
Invocations    | 1 |  1.3

Action                   |  1- 3 |  4- 6 || total
-------------------------+-------+-------++-------
Melee: Flail             |    64 |   110 ||   174
       Headbutt          |    17 |    24 ||    41
Throw: Dart              |       |     6 ||     6
Invok: Recall Undead Har |       |     2 ||     2
       Dark Bargain      |       |     1 ||     1
  Use: Scroll            |     3 |       ||     3
Armor: Scale mail        |    28 |    31 ||    59
       Plate armour      |       |    32 ||    32
Dodge: Dodged            |    24 |    52 ||    76
Block: Buckler           |     6 |    32 ||    38

Table legend: (Time is in decaauts)
 A = Elapsed time spent in this place.
 B = Non-inter-level travel time spent in this place.
 C = Inter-level travel time spent in this place.
 D = Time resting spent in this place.
 E = Time spent auto-exploring this place.
 F = Levels seen in this place.
 G = Mean time per level.
                   A        B        C        D        E       F      G
               +--------+--------+--------+--------+--------+-----+--------+
         Total |   3181 |   3053 |    128 |      6 |   2403 |   4 |  795.2 |
       Dungeon |   3181 |   3053 |    128 |      6 |   2403 |   4 |  795.2 |
               +--------+--------+--------+--------+--------+-----+--------+

Top non-repeatable levels by time:
     D:3: 1233 daAuts
     D:1: 1191 daAuts
     D:2: 726 daAuts
     D:4: 29 daAuts
